 Dungeon Crawl Stone Soup version bcrawl-1.27.3 (webtiles) character file.

Game seed: 12115578393956018314

60944 MisterOstroum the Insei (level 1, -3/13 HPs)
             Began as an Octopode Transmuter on Sept 7, 2020.
             Slain by a gnoll
             ... wielding a +0 spear
              (12 damage)
             ... on level 1 of the Dungeon.
             The game lasted 00:00:46 (231 turns).

MisterOstroum the Insei (Octopode Transmuter)        Turns: 231, Time: 00:00:47

Health: -3/13      AC:  1    Str:  9    XL:     1   Next: 50%
Magic:  2/3        EV: 13    Int: 15    God:
Gold:   24         SH:  0    Dex: 12    Spells: 3/4 levels left

rFire    . . .     SeeInvis .   g - +0 dagger
rCold    . . .     Gourm    .   (no shield)
rNeg     . . .     Faith    .   (helmet restricted)
rPois    .         Spirit   .   (cloak restricted)
rElec    .         Reflect  .   (no amulet)
rCorr    .         Harm     .   (no ring)
MR       .....                  (no ring)
Stlth    ++........             (no ring)
HPRegen  0.04/turn              (no ring)
MPRegen  0.08/turn              (no ring)
                                (no ring)
                                (no ring)
                                (no ring)

@: appendage (expiring)
A: almost no armour, stealthy swim, amphibious, 8 rings, constrict 8, tentacle
spike 3, camouflage 1, gelatinous body 1
a: End Transformation


You were on level 1 of the Dungeon.
You were not hungry.
One of your tentacles had a temporary spike.
You visited 1 branch of the dungeon, and saw 1 of its levels.

You collected 24 gold pieces.

Inventory:

Hand Weapons
 g - a +0 dagger (weapon)
Missiles
 a - 120 arrows
 d - 176 stones (quivered)
Potions
 b - a potion of brilliance {unknown}
 c - a potion of lignification {@q6}
Comestibles
 e - a ration {!d}
 f - a chunk of flesh


   Skills:
 + Level 1.0 Fighting
 - Level 2.0 Dodging
 - Level 3.1 Unarmed Combat
 - Level 2.0 Spellcasting
 * Level 2.1 Transmutations


You had 3 spell levels left.
You knew the following spells:

 Your Spells              Type           Power        Failure   Level  Hunger
a - Beastly Appendage     Tmut           #.....       10%         1    None

Your spell library contained the following spells:

 Spells                   Type           Power        Failure   Level  Hunger
 Sticks to Snakes         Tmut           #.......     14%         2    ##.....
 Passwall                 Tmut/Erth      #.......     22%         2    ##.....
 Spider Form              Tmut/Pois      #..          41%         3    ####...
 Ice Form                 Ice/Tmut       #.......     82%         4    ######.
 Blade Hands              Tmut           #.........   95%         5    #######


Dungeon Overview and Level Annotations

Branches:
Dungeon (1/12)

Altars:


Innate Abilities, Weirdness & Mutations

You cannot wear most types of armour.
You are very stealthy in the water. (Stealth+)
You are amphibious.
You can wear up to eight rings at the same time.
You can use your tentacles to constrict eight enemies at once.
Your skin changes colour to match your surroundings (Stealth+).
Your rubbery body absorbs attacks. (AC +1, EV +1)
One of your tentacles bears a large vicious spike.


Message History

You constrict the rat.
A rat is nearby!
A rat is nearby!
You barely miss the rat.
The rat is severely wounded.
You constrict the rat.
You kill the rat!
You now have 24 gold pieces (gained 3).
A kobold comes into view. It is wielding a +0 dagger.
You see here a spear.
A kobold is nearby!
The helpless kobold fails to defend itself.
You tentacle-slap the kobold. Your grab misses the kobold.
Your squeeze misses the kobold.
The kobold is severely wounded.
The kobold hits you with a +0 dagger.
You barely miss the kobold. Your grab misses the kobold.
The kobold is severely wounded.
The kobold hits you with a +0 dagger.
You closely miss the kobold. You grab the kobold.
The kobold is severely wounded.
You constrict the kobold.
You kill the kobold!
No target in view!
No target in view!
No target in view!
No target in view!
No target in view!
No target in view!
HP restored.
d - 176 stones (gained 4)
You see here a +0 dagger.
A kobold comes into view.
The kobold shouts!
A frilled lizard comes into view.
A rat comes into view.
The frilled lizard hisses angrily.
You tentacle-slap the kobold. Your grab misses the kobold.
The kobold is severely wounded.
The kobold hits you.
You tentacle-slap the kobold but do no damage.
Your grab misses the kobold. You squeeze the kobold.
You kill the kobold!
The frilled lizard unfolds its giant frill.
The frilled lizard bites you.
You are too injured to fight recklessly!
You are too injured to fight recklessly!
You are too injured to fight recklessly!
You are too injured to fight recklessly!
You are too injured to fight recklessly!
There are monsters nearby!
Unknown command.
You are too injured to fight recklessly!
You tentacle-slap the rat. Your grab misses the rat.
The rat is moderately wounded.
The frilled lizard barely misses you. The rat barely misses you.
You tentacle-slap the frilled lizard but do no damage.
Your grab misses the frilled lizard. Your squeeze misses the frilled lizard.
The frilled lizard bites you. The rat barely misses you.
You barely miss the rat. You grab the rat.
You constrict the rat, but do no damage.
The frilled lizard barely misses you. The rat bites you.
You closely miss the frilled lizard. Your grab misses the frilled lizard.
Your squeeze misses the frilled lizard. You constrict the rat.
The frilled lizard bites you. The rat misses you.
You tentacle-slap the frilled lizard.
You kill the frilled lizard!
You constrict the rat.
You kill the rat!
You see here a rat corpse.
You butcher the rat corpse.
f - a chunk of flesh You see here a rat skeleton.
You see here a +0 dagger.
g - a +0 dagger Wield which item (- for none, * to show all)? (? for menu, Esc to quit)
g - a +0 dagger (weapon)
A gnoll comes into view. It is wielding a +0 spear.
A gnoll is nearby!
A gnoll is nearby!
Press: ? - help, v - describe, . - travel
Here: a gnoll, wielding a +0 spear (resting) Placed new exclusion.
Reduced exclusion size to a single square.
Removed exclusion.
Placed new exclusion.
The gnoll shouts!
Casting: Beastly Appendage (safe; 10% risk of failure)
Confirm with . or Enter, or press ? or * to list all spells.
One of your tentacles grows a vicious spike.
Your transformation is almost over.
You start resting.
The gnoll is too close now for your liking.
The gnoll closely misses you.
Unknown command.
The gnoll hits you with a +0 spear.
You barely miss the gnoll. You grab the gnoll. You constrict the gnoll.
The gnoll hits you with a +0 spear!
Ouch! That really hurt!
You die...

#.# #.# ##.##.
#.########## .....
##.........# #...#
#.....##..# #!?.#
###....##..# #...# #
#...).#..# #..?# #
#...#.#..# #.g.# #
#........#####@..####
#
##....................
#
##...................
###.##.....รท........
#.......###.#...#.###
#.......# #.#...#.# #
#.##.##.# #.#...# # #
#. #.##.# #.#...# # #
#. #.# #.#...#


You could see a gnoll.

Vanquished Creatures
  A frilled lizard (D:1)
  2 kobolds (D:1)
  2 rats (D:1)
5 creatures vanquished.

Notes
Turn   | Place    | Note
-------+----------+-------------------------------------------
     0 | D:1      | MisterOstroum the Octopode Transmuter began the quest for
                  | the Orb.
     0 | D:1      | Reached XP level 1. HP: 13/13 MP: 3/3
   231 | D:1      | Slain by a gnoll

Action                   || total
-------------------------++-------
Melee: Unarmed           ||    12
       Constrict         ||     4
       Dagger            ||     1
       Tentacles         ||     1
 Cast: Beastly Appendage ||     1
 Stab: Sleeping          ||     2
Dodge: Dodged            ||     6
